 Dungeon Crawl Stone Soup version 0.30.1-11-g7821555f0a (webtiles) character file.

Game seed: 17895776764791671131

1645 jagang the Fighter (level 8, -12/71 HPs)
             Began as a Barachi Monk on Dec 20, 2023.
             Was a Believer of Makhleb.
             Mangled by a yak (14 damage)
             ... on level 6 of the Dungeon.
             The game lasted 00:06:54 (3984 turns).

jagang the Fighter (Barachi Monk)                   Turns: 3984, Time: 00:06:54

Health: -12/71     AC:  9    Str: 15    XL:     8   Next: 99%
Magic:  8/8        EV: 11    Int: 12    God:    Makhleb [**....]
Gold:   259        SH:  0    Dex: 17    Spells: 7/7 levels left

rFire   + + .        q - +6 dagger of Dishonesty {freeze, rPois rF++ Str+3}
rCold   . . .        d - orb {light}
rNeg    . . .        i - +0 scale mail
rPois   +            (no helmet)
rElec   .            s - +0 cloak
rCorr   .            (no gloves)
SInv    .            (no boots)
Will    .....        (no amulet) Stlth
                     B - +1 ring of dexterity
HPRegen 0.31/turn    (no ring)
MPRegen 0.11/turn

%: no passive effects
@: glowing, studying Shields, slow
A: amphibious, slowness 1, strong legs 1, +LOS
a: Hop, Renounce Religion, Minor Destruction


You were on level 6 of the Dungeon.
You worshipped Makhleb.
Makhleb was pleased with you.
You visited 1 branch of the dungeon, and saw 6 of its levels.

You collected 283 gold pieces.
You spent 24 gold pieces at shops.

Inventory:

Hand Weapons
 n - a +0 long sword
 q - the +6 dagger of Dishonesty (weapon) {freeze, rPois rF++ Str+3}
   (You found it on level 2 of the Dungeon)

   Str:       It affects your strength (+3).
   rF:        It greatly protects you from fire.
   rPois:     It protects you from poison.
Missiles
 a - 4 poisoned darts (quivered)
 x - 4 boomerangs
Armour
 d - an orb of light (worn)
 i - a +0 scale mail (worn)
 s - a +0 cloak (worn)
Jewellery
 e - a ring of magical power
 l - a +6 ring of intelligence
 m - a ring of protection from cold
 B - a +1 ring of dexterity (left hand)
 C - a ring of poison resistance
Wands
 D - a wand of paralysis (9)
Scrolls
 f - 2 scrolls of torment
 h - a scroll of fog
 j - 3 scrolls of blinking
 k - a scroll of brand weapon
 o - 3 scrolls of poison
 p - 2 scrolls of acquirement
 r - a scroll of vulnerability
 t - a scroll of summoning {unknown}
 y - 2 scrolls of enchant weapon {unknown}
 A - 3 scrolls of teleportation {unknown}
 E - a scroll of noise {unknown}
Potions
 b - a potion of degeneration
 c - a potion of ambrosia
 g - 6 potions of curing
 u - a potion of berserk rage {unknown}
 v - 2 potions of flight
 w - a potion of resistance {unknown}
 z - a potion of brilliance {unknown}


   Skills:
 * Level 9.4 Fighting
 * Level 7.6 Long Blades
 * Level 6.5 Armour
 - Level 3.2 Dodging
 + Level 3.6 Shields


You had 7 spell levels left.
You didn't know any spells.
Your spell library contained the following spells:

 Spells                   Type           Power      Damage    Failure   Level
 Foxfire                  Conj/Fire      0%         2x1d4     75%         1
 Sublimation of Blood     Necr           0%         N/A       86%         2
 Wereblood                Tmut           0%         N/A       86%         2
 Vhi's Electric Charge    Tloc/Air       0%         N/A       98%         3
 Arcjolt                  Conj/Air       0%         1d10      100%        5
 Fireball                 Conj/Fire      0%         3d3       100%        5
 Plasma Beam              Fire/Air       0%         2x1d11    100%        6
 Starburst                Conj/Fire      0%         6d3       100%        6
 Summon Hydra             Summ           0%         N/A       100%        7


Dungeon Overview and Level Annotations

Branches:
Dungeon (6/15)
 Temple: D:4-7

Altars:
Cheibriados
Fedhas
Makhleb
Qazlal
Sif Muna

Shops:
D:5 =


Innate Abilities, Weirdness & Mutations

You are amphibious.
You cover ground slowly.
You can hop short distances.
You have an extended range of vision and can be seen from far away.


Message History

Makhleb accepts your kill.
You feel better.
Your Shields skill increases to level 3!
You hit the yak. You freeze the yak.
The yak is severely wounded.
The yak gores you but does no damage.
You hit the yak. You freeze the yak.
The yak is almost dead.
You hit the yak. You freeze the yak.
The yak is almost dead.
The yak gores you.
* * * LOW HITPOINT WARNING * * *
You hit the yak but do no damage.
The yak is almost dead.
The yak gores you!
* * * LOW HITPOINT WARNING * * *
You hit the yak. You freeze the yak.
You kill the yak!
Makhleb accepts your kill.
You feel better.
You hit the yak. You freeze the yak.
The yak is lightly wounded.
The yak gores you.
* * * LOW HITPOINT WARNING * * *
You hit the yak. You freeze the yak.
The yak is moderately wounded.
You hit the yak. You freeze the yak.
The yak is heavily wounded.
The yak misses you.
You hit the yak. You freeze the yak.
The yak is severely wounded.
The yak barely misses you.
You hit the yak. You freeze the yak.
The yak is severely wounded.
The yak gores you!
* * * LOW HITPOINT WARNING * * *
You hit the yak. You freeze the yak.
The yak is almost dead.
The yak gores you!
You die...

##########...............#
........................##
.#########.#....#######.#
.......# #.)))#.......#
.......# ##...#..####.#
.......###..#.#..####.#
..........>...#.......#
.......#.####.##.######
...<...#.# ..##@#
.......#.. ####Y####.#.##
##########. #...........#
.. #.#.####.#..# .##.#...#
.##.....# ##.#...Y.
......#### #........


You could see a yak.

Vanquished Creatures
  Sigmund (D:4)
  Eustachio (D:4)
  4 yaks (D:6)
  Menkaure (D:4)
  A water moccasin (D:5)
  A bullfrog (D:6)
  A scorpion (D:5)
  4 hounds
  A jelly (D:5)
  A sleepcap (D:5)
  2 iguanas
  2 orc wizards (D:5)
  3 gnolls (D:6)
  5 adders
  2 ufetubi
  2 worms
  3 dart slugs
  3 orcs (D:5)
  9 ball pythons
  12 bats
  6 endoplasms
  7 hobgoblins
  8 kobolds
  3 quokkas
  A frilled lizard (D:2)
  2 goblins
  7 rats
93 creatures vanquished.

Notes
Turn   | Place    | Note
-------+----------+-------------------------------------------
     0 | D:1      | jagang the Barachi Monk began the quest for the Orb.
     0 | D:1      | Reached XP level 1. HP: 18/18 MP: 1/1
   118 | D:1      | Reached skill level 4 in Fighting
   118 | D:1      | Reached XP level 2. HP: 24/25 MP: 2/2
   227 | D:1      | Reached skill level 1 in Armour
   822 | D:2      | Reached XP level 3. HP: 27/31 MP: 3/3
  1439 | D:2      | Identified the +6 dagger of Dishonesty {freeze, rPois rF++
                  | Str+3}
  1488 | D:2      | Reached XP level 4. HP: 16/38 MP: 4/4
  1742 | D:3      | Reached skill level 5 in Fighting
  2235 | D:4      | Noticed Eustachio
  2256 | D:4      | Killed Eustachio
  2257 | D:4      | Reached skill level 6 in Fighting
  2257 | D:4      | Reached skill level 5 in Long Blades
  2257 | D:4      | Reached XP level 5. HP: 33/46 MP: 5/5
  2257 | D:4      | Reached XP level 6. HP: 38/52 MP: 6/6
  2326 | D:4      | Found a stormy altar of Qazlal.
  2326 | D:4      | Found a blossoming altar of Fedhas.
  2326 | D:4      | Noticed Menkaure
  2335 | D:4      | Killed Menkaure
  2461 | D:4      | Noticed Sigmund
  2469 | D:4      | Reached skill level 7 in Fighting
  2476 | D:4      | Killed Sigmund
  2477 | D:4      | Reached XP level 7. HP: 38/60 MP: 7/7
  2658 | D:4      | Found a snail-covered altar of Cheibriados.
  2659 | D:4      | Found a shimmering blue altar of Sif Muna.
  2899 | D:5      | Entered Level 5 of the Dungeon
  3020 | D:5      | Reached skill level 8 in Fighting
  3092 | D:5      | Found Betucupn's One-of-a-Kind Rings.
  3101 | D:5      | Bought a +1 ring of dexterity for 24 gold pieces
  3301 | D:5      | Reached skill level 5 in Armour
  3301 | D:5      | Reached XP level 8. HP: 53/69 MP: 8/8
  3671 | D:5      | Found a burning altar of Makhleb.
  3671 | D:5      | Noticed an Executioner
  3674 | D:5      | Noticed a hellwing
  3674 | D:5      | Noticed a smoke demon
  3676 | D:5      | Became a worshipper of Makhleb the Destroyer
  3676 | D:5      | Reached * piety under Makhleb
  3676 | D:5      | Reached ** piety under Makhleb
  3749 | D:6      | Identified 3 scrolls of acquirement
  3754 | D:6      | Acquired a manual of Shields
  3830 | D:6      | Reached skill level 1 in Shields
  3932 | D:6      | Noticed a yak
  3932 | D:6      | Noticed a yak
  3937 | D:6      | Noticed a yak
  3938 | D:6      | Noticed a yak
  3942 | D:6      | Noticed a yak
  3952 | D:6      | Killed a yak
  3963 | D:6      | Killed a yak
  3964 | D:6      | Reached skill level 9 in Fighting
  3973 | D:6      | Killed a yak
  3978 | D:6      | Killed a yak
  3983 | D:6      | HP: 2/71 [yak (14)]
  3984 | D:6      | Mangled by a yak

Illustrated notes

Levels and vault maps discovered:
D:1:      lightli_arrival_chessboard, layout_basic, corner_web_ring,
          minivault_23
D:2:      minmay_razor_zed, layout_basic, serial_aquarium,
          aquarium_bridge_long_separate [aquarium_subvault_bridge,
          aquarium_subvault_bridge, aquarium_subvault_bridge,
          aquarium_subvault_bridge, aquarium_subvault_wall,
          aquarium_subvault_balcony], aquarium_window_1, aquarium_window_1,
          aquarium_view_2e, due_unseen_surprise
D:3:      layout_basic, hangedman_decor_lopped
D:4:      layout_cave_pools, mainiacjoe_overflow_divided_tiny,
          grunt_temple_overflow_forces_of_nature, uniq_sigmund, uniq_eustachio,
          uniq_menkaure
D:5:      layout_loops_ring, makhleb_altar_promises_db,
          nicolae_shop_unique_rings, grunt_decor_mini_mirrors
D:6:      layout_basic, mainiacjoe_overflow_24_doors,
          minmay_temple_entry_poolview

Skill      XL: |  1  2  3  4  5  6  7  8 |
---------------+-------------------------+-----
Fighting       | 4 6 7 8 9 |  9.4
Armour         | 1 3 4 5 6 |  6.5
Long Blades    | 4 5 6 7 |  7.6
Shields        | 3 |  3.6
Dodging        | |  3.2

Action                     |  1- 3 |  4- 6 |  7- 9 || total
---------------------------+-------+-------+-------++-------
  Melee: Falchion          |    37 |       |       ||    37
         Long sword        |    38 |     8 |       ||    46
         Dagger            |       |    82 |   132 ||   214
    Use: Scroll            |       |       |    11 ||    11
 Armour: Robe              |     2 |       |       ||     2
         Scale mail        |    42 |    49 |    29 ||   120
  Dodge: Dodged            |    59 |    54 |    60 ||   173
